 Dungeon Crawl Stone Soup version 0.14-a0-840-g06343e3 (webtiles) character file.

239 Impy the Exhumer (level 5, 0/37 HPs)
             Began as a Formicid Death Knight on Nov 13, 2013.
             Was a Follower of Yredelemnul.
             Killed by nerve-wracking pain
             ... invoked by an orc priest
              (8 damage)
             ... on Level 5 of the Dungeon.
             The game lasted 00:10:35 (1858 turns).

Impy the Exhumer (Formicid Death Knight)            Turns: 1858, Time: 00:10:36

HP   0/37        AC  4     Str 19      XL: 5   Next: 84%
MP   9/9         EV 10     Int 10      God: Yredelemnul [*.....]
Gold 93          SH  0     Dex 10      Spells:  0 memorised,  4 levels left

Res.Fire  : . . .   See Invis. : +   a - +1 mace
Res.Cold  : . . .   Warding    : .   b - +0 leather armour
Life Prot.: . . .   Conserve   : .   (no shield)
Res.Poison: x       Res.Corr.  : .   (helmet unavailable)
Res.Elec. : .       Clarity    : .   (no cloak)
Sust.Abil.: . .     Spirit.Shd : .   (no gloves)
Res.Mut.  : .       Stasis     : +   (no boots)
Res.Rott. : .       Flight     : .   (no amulet)
Saprovore : . . .                    (no ring)
                                     k - ring of regeneration

@: injury mirror, slightly resistant to hostile enchantments, very unstealthy
A: permanent stasis, dig shafts and tunnels, four strong arms, poison weakness,
antennae 3, exoskeleton 1
a: Dig, Shaft Self, Animate Remains, Renounce Religion


You were on level 5 of the Dungeon.
You worshipped Yredelemnul.
Yredelemnul was aware of your devotion.
You were not hungry.

You visited 1 branch of the dungeon, and saw 5 of its levels.

You collected 93 gold pieces.

Inventory:

Hand weapons
 a - a +1,+1 mace (weapon)
Armour
 b - a +0 leather armour (worn)
Comestibles
 c - 3 bread rations
 f - 3 chokos
 h - an apricot
 i - a meat ration
Scrolls
 m - a scroll of curse jewellery {unknown}
 n - a scroll of enchant armour {unknown}
 o - a scroll of magic mapping {unknown}
 p - a scroll of identify
Jewellery
 k - a ring of regeneration (left hand)


   Skills:
 + Level 3.4 Fighting
 + Level 3.1 Maces & Flails
 + Level 2.6 Armour
 - Level 0.8 Dodging
 + Level 4.3 Invocations


You had 4 spell levels left.
You didn't know any spells.

Dungeon Overview and Level Annotations

Branches:
Dungeon (6/16)
 Temple: D:4-7          Orc: D:6-11

Altars:
Fedhas


Innate Abilities, Weirdness & Mutations

Your are under a permanent stasis effect.
You can dig through walls and to a lower floor.
Your four strong arms can wield any weapon, most with a shield.
You are susceptible to poison.
You have a pair of large antennae on your head (SInv).
Your body is surrounded by an exoskeleton. (HP +5, AC +1)


Message History

The giant frog is almost dead.
The orc priest closely misses you.
The kobold throws a dart.
The dart hits you! Yredelemnul mirrors your injury!
You kill the kobold!
Yredelemnul accepts your kill. The orc hits you.
Yredelemnul mirrors your injury!
The orc is heavily wounded.
You can no longer recall your undead slaves and mirror injuries on your foes.
The goblin hits you but does no damage. The giant frog hits you.
* * * LOW HITPOINT WARNING * * *
You closely miss the giant frog.
The giant frog is almost dead.
The crimson imp blinks!
The orc hits you with an orcish hand axe.
* * * LOW HITPOINT WARNING * * *
The orc priest invokes the aid of Beogh against you.
Pain shoots through your body!
You die...
Your body rises from the dead as a mindless zombie.

.......?.
...........
..........5..
...............
................
................
.................
........oo........
......z§o@g.......
.......o.F.......
..............[.
................
...............
.............
.......)...
......... ...


You could see a giant frog, 2 orc priests, a crimson imp, 2 orcs, a goblin and a
gnoll skeleton.

Vanquished Creatures
  An orc wizard (D:6)
  A hound (D:6)
  A worker ant (D:6)
  Jessica (D:2)
  A gnoll (D:6)
  A giant eyeball (D:6)
  2 giant geckos
  4 giant cockroaches
  5 goblins
  8 hobgoblins
  5 bats
  4 giant newts
  11 kobolds
  A quokka (D:2)
  4 rats
50 creatures vanquished.

Vanquished Creatures (collateral kills)
  2 gnolls (D:6)
2 creatures vanquished.

Vanquished Creatures (others)
  A hound zombie (D:6)
  A worker ant zombie (D:6)
  An orc zombie (D:6)
  A kobold zombie (D:6)
4 creatures vanquished.

Grand Total: 56 creatures vanquished

Notes
Turn   | Place    | Note
--------------------------------------------------------------
     0 | D:1      | Impy, the Formicid Death Knight, began the quest for the Orb.
     0 | D:1      | Reached XP level 1. HP: 17/17 MP: 2/2
   112 | D:1      | Reached XP level 2. HP: 10/22 MP: 4/4
   517 | D:1      | Reached XP level 3. HP: 17/26 MP: 5/5
   578 | D:1      | Acquired Yredelemnul's second power
  1019 | D:2      | Found a blossoming altar of Fedhas.
  1125 | D:2      | Noticed Jessica
  1140 | D:2      | Killed Jessica
  1140 | D:2      | Reached skill level 4 in Invocations
  1140 | D:2      | Reached XP level 4. HP: 10/32 MP: 5/7
  1489 | D:2      | You fall through a shaft!
  1498 | D:4      | Noticed an ogre
  1500 | D:4      | You fall through a shaft!
  1597 | D:6      | Reached XP level 5. HP: 19/36 MP: 9/9
  1849 | D:5      | Entered Level 5 of the Dungeon
  1852 | D:6      | Noticed a giant frog
  1852 | D:6      | Noticed a giant frog
  1858 | D:5      | Killed from afar by an orc priest

Action                   |  1- 3 |  4- 6 || total
-------------------------+-------+-------++-------
Melee: Mace              |    94 |    62 ||   156
Invok: Injury Mirror     |     1 |     1 ||     2
       Animate Remains   |       |     5 ||     5
       Recall Undead Sla |       |     1 ||     1
 Abil: Shaft Self        |       |     2 ||     2
       Dig               |       |     3 ||     3
  Use: Potion            |     7 |       ||     7
       Scroll            |     1 |     2 ||     3
